SKY
BALTIMORE ORIOLES @ MONTREAL EXPOS
03/01/2052
 
TOP OF THE 1ST
Baltimore Orioles batting - Pitching for Montreal Expos : LHP Jimmy Moore
Pitching: LHP Jimmy Moore
Batting: LHB Tony Goerner 0-0: Foul Ball, location: 9LDF
0-1: Ball
1-1: Ball
2-1: Called Strike
2-2: Fly out, F6 (Line Drive, 6, EV 65.6 MPH)
Batting: SHB Magglio Trego 0-0: Ball
1-0: Ball
2-0: Ball
3-0: Base on Balls
Pitching: RHP Reuben Olvera
Batting: SHB Kaleb Drew 0-0: Grounds into double play, 4-6-3 (Groundball, 4, EV 79.4 MPH)
Top of the 1st over - 0 runs, 0 hits, 0 errors, 0 left on base; Baltimore 0 - Montreal 0
BOTTOM OF THE 1ST
Montreal Expos batting - Pitching for Baltimore Orioles : RHP Max Ibbotson
Pitching: RHP Max Ibbotson
Batting: RHB Bassett Kries 0-0: Swinging Strike
0-1: Ball
1-1: Foul Ball, location: 5SF
1-2: Strikes out looking
Batting: SHB Jonah Pérez 0-0: Ball
1-0: Ball
2-0: Fly out, F6 (Popup, P, EV 82.5 MPH)
Batting: RHB Jesse McCabe 0-0: Ball
1-0: Foul Ball, location: 2F
1-1: Swinging Strike
1-2: Strikes out looking
Bottom of the 1st over - 0 runs, 0 hits, 0 errors, 0 left on base; Baltimore 0 - Montreal 0
TOP OF THE 2ND
Baltimore Orioles batting - Pitching for Montreal Expos : RHP Reuben Olvera
Batting: RHB Truman Jackson 0-0: Ball
1-0: Fly out, F8 (Flyball, 89S, EV 91.3 MPH)
Batting: LHB Shaun Lane 0-0: Foul Ball, location: 23F
0-1: Called Strike
0-2: Ball
1-2: Ball
2-2: Ball
3-2: Foul Ball, location: 2F
3-2: Strikes out swinging
Batting: RHB Cooper Bean 0-0: Ball
1-0: Foul Ball, location: 3SF
1-1: Ball
2-1: SINGLE (Groundball, 56D, EV 96.9 MPH)
Batting: RHB Gonçalo Melo 0-0: Ball
1-0: Called Strike
1-1: Ball
2-1: Foul Ball, location: 3DF
2-2: Ball
3-2: Fly out, F7 (Line Drive, 78M, EV 92.5 MPH)
Top of the 2nd over - 0 runs, 1 hit, 0 errors, 1 left on base; Baltimore 0 - Montreal 0
BOTTOM OF THE 2ND
Montreal Expos batting - Pitching for Baltimore Orioles : RHP Max Ibbotson
Batting: LHB Augustin Urena 0-0: SINGLE (Groundball, 34S, EV 68.1 MPH)
Batting: RHB Jin-Seo Yun 0-0: Ball
1-0: Ball
2-0: Foul Ball, location: 25FF
2-1: Fly out, F9 (Flyball, 89M, EV 78.1 MPH)
Batting: LHB Hugo Texido 0-0: Ball
1-0: Ball
2-0: Foul Ball, location: 25F
2-1: DOUBLE (Line Drive, 7LS, EV 91.3 MPH)
Augustin Urena to third
Runner from 3rd tries for Home, SAFE, no throw by LF
Batting: SHB Dylan Jakab 0-0: Swinging Strike
0-1: Swinging Strike
0-2: Ball
1-2: Foul Ball, location: 7LMF
1-2: Foul Ball, location: 23F
1-2: Strikes out swinging
Batting: SHB Ben McKim 0-0: Called Strike
0-1: Foul Ball, location: 3F
0-2: Ball
1-2: Strikes out swinging
Bottom of the 2nd over - 1 run, 2 hits, 0 errors, 1 left on base; Baltimore 0 - Montreal 1
TOP OF THE 3RD
Baltimore Orioles batting - Pitching for Montreal Expos : RHP Reuben Olvera
Batting: LHB Charles Carter 0-0: Ball
1-0: Swinging Strike
1-1: Ball
2-1: Called Strike
2-2: Foul Ball, location: 2F
2-2: Strikes out swinging
Pitching: RHP Matthew Logan
Batting: LHB Junino Exposito 0-0: Foul Ball, location: 9LMF
0-1: Ball
1-1: Ball
2-1: Foul Ball, location: 7LMF
2-2: Foul Ball, location: 7LMF
2-2: SINGLE (Groundball, 34D, EV 93.8 MPH)
Batting: LHB Tony Goerner 0-0: Foul Ball, location: 7LSF
0-1: Called Strike
0-2: Strikes out looking
Batting: SHB Magglio Trego 0-0: Ground out 6-3 (Groundball, 6MS, EV 90.0 MPH)
Top of the 3rd over - 0 runs, 1 hit, 0 errors, 1 left on base; Baltimore 0 - Montreal 1
BOTTOM OF THE 3RD
Montreal Expos batting - Pitching for Baltimore Orioles : RHP Max Ibbotson
Batting: LHB Samuel Banda 0-0: Called Strike
0-1: Ball
1-1: Foul Ball, location: 2F
1-2: Strikes out looking
Batting: RHB Bassett Kries 0-0: Foul Ball, location: 2F
0-1: Called Strike
0-2: Strikes out looking
Batting: SHB Jonah Pérez 0-0: Foul Ball, location: 3F
0-1: Swinging Strike
0-2: Strikes out swinging, 2-3 out at first.
Bottom of the 3rd over - 0 runs, 0 hits, 0 errors, 0 left on base; Baltimore 0 - Montreal 1
TOP OF THE 4TH
Baltimore Orioles batting - Pitching for Montreal Expos : RHP Matthew Logan
Batting: SHB Kaleb Drew 0-0: Called Strike
0-1: Foul Ball, location: 2F
0-2: Foul Ball, location: 7LSF
0-2: Ball
1-2: Ball
2-2: Ball
3-2: Fly out, F7 (Flyball, 78S, EV 93.8 MPH)
Batting: RHB Truman Jackson 0-0: Ball
1-0: SINGLE (Line Drive, 7LS, EV 90.0 MPH)
Pitching: LHP Israel Cantwell
Batting: LHB Shaun Lane 0-0: Foul Ball, location: 3F
0-1: Called Strike
0-2: Ball
1-2: Foul Ball, location: 3FF
1-2: Ball
2-2: Strikes out swinging
Batting: RHB Cooper Bean 0-0: Fly out, F3 (Popup, 3S, EV 83.1 MPH)
Top of the 4th over - 0 runs, 1 hit, 0 errors, 1 left on base; Baltimore 0 - Montreal 1
BOTTOM OF THE 4TH
Montreal Expos batting - Pitching for Baltimore Orioles : RHP Max Ibbotson
Batting: RHB Jesse McCabe 0-0: Foul Ball, location: 5SF
0-1: Foul Ball, location: 9LMF
0-2: Foul Ball, location: 3F
0-2: Strikes out swinging
Batting: LHB Augustin Urena 0-0: Called Strike
0-1: Called Strike
0-2: Strikes out swinging
Batting: RHB Jin-Seo Yun 0-0: Called Strike
0-1: Foul Ball, location: 2F
0-2: Strikes out looking
Bottom of the 4th over - 0 runs, 0 hits, 0 errors, 0 left on base; Baltimore 0 - Montreal 1
TOP OF THE 5TH
Baltimore Orioles batting - Pitching for Montreal Expos : LHP Israel Cantwell
Now at 1B: Jin-Seo Yun
Now at 2B: Hugo Texido
Now in LF: Judah Weller
Now in CF: Sebastian Reber
Batting: RHB Gonçalo Melo 0-0: Swinging Strike
0-1: Called Strike
0-2: Ball
1-2: Ground out 4-3 (Groundball, 34D, EV 94.4 MPH)
Batting: LHB Charles Carter 0-0: Ball
1-0: Ball
2-0: Called Strike
2-1: Foul Ball, location: 3DF
2-2: Fly out, F9 (Line Drive, 9S, EV 90.0 MPH)
Batting: LHB Junino Exposito 0-0: Ball
1-0: Foul Ball, location: 5SF
1-1: Foul Ball, location: 5FF
1-2: Ball
2-2: Foul Ball, location: 23F
2-2: Foul Ball, location: 3F
2-2: Fly out, F7 (Flyball, 7D, EV 85.6 MPH)
Top of the 5th over - 0 runs, 0 hits, 0 errors, 0 left on base; Baltimore 0 - Montreal 1
BOTTOM OF THE 5TH
Montreal Expos batting - Pitching for Baltimore Orioles : RHP Max Ibbotson
Now at C: Dong-Kyoon Shin
Now at 1B: Yerold De Los Santos
Now at 2B: Jorge Amocacci
Now at 3B: Truman Jackson
Now in LF: Enriqueta Marquez
Now in CF: Martin Taylor
Now in RF: Jitters Childress
Batting: LHB Hugo Texido 0-0: Ball
1-0: Fly out, F6 (Popup, 6MD, EV 71.9 MPH)
Batting: SHB Dylan Jakab 0-0: Ball
1-0: Ball
2-0: Foul Ball, location: 23F
2-1: Foul Ball, location: 3F
2-2: Foul Ball, location: 7LSF
2-2: Ball
3-2: Fly out, F8 (Flyball, 8RM, EV 81.3 MPH)
Batting: SHB Ben McKim 0-0: Ball
1-0: Called Strike
1-1: Swinging Strike
1-2: Foul Ball, location: 7LSF
1-2: Ball
2-2: Ball
3-2: Fly out, F7 (Flyball, 7D, EV 84.4 MPH)
Bottom of the 5th over - 0 runs, 0 hits, 0 errors, 0 left on base; Baltimore 0 - Montreal 1
TOP OF THE 6TH
Baltimore Orioles batting - Pitching for Montreal Expos : LHP Israel Cantwell
Now at 1B: Aaron Bardales
Now at 2B: A.J. Comings
Now at 3B: Hugo Texido
Batting: RHB Jitters Childress 0-0: Ball
1-0: Ground out 5-3 (Groundball, 5, EV 109.4 MPH)
Batting: LHB Enriqueta Marquez 0-0: Ball
1-0: Foul Ball, location: 2F
1-1: Called Strike
1-2: Strikes out looking
Batting: SHB Yerold De Los Santos 0-0: Ball
1-0: Ball
2-0: DOUBLE (Line Drive, 7LM, EV 103.8 MPH)
Batting: RHB Truman Jackson 0-0: Called Strike
0-1: Ball
1-1: Foul Ball, location: 2F
1-2: Ball
2-2: Strikes out looking
Top of the 6th over - 0 runs, 1 hit, 0 errors, 1 left on base; Baltimore 0 - Montreal 1
BOTTOM OF THE 6TH
Montreal Expos batting - Pitching for Baltimore Orioles : RHP Max Ibbotson
Pitching: RHP Roger Gutzman
Batting: LHB Samuel Banda 0-0: Ball
1-0: Ball
2-0: SINGLE (Flyball, 8RS, EV 98.8 MPH)
Pinch Hitting: SHB Elwood Sehi 0-0: Bunted foul
0-1: Bunted foul
0-2: Ball
1-2: Foul Ball, location: 2F
1-2: Fly out, F8 (Flyball, 8RXD, EV 103.8 MPH)
Batting: RHB Sebastian Reber 0-0: Called Strike
0-1: Grounds into double play, 4-6-3 (Groundball, 4, EV 102.5 MPH)
Bottom of the 6th over - 0 runs, 1 hit, 0 errors, 0 left on base; Baltimore 0 - Montreal 1
TOP OF THE 7TH
Baltimore Orioles batting - Pitching for Montreal Expos : LHP Israel Cantwell
Pitching: RHP Stan Harris
Now in RF: Elwood Sehi
Batting: SHB Austin Stephens 0-0: Ball
1-0: Foul Ball, location: 3FF
1-1: Foul Ball, location: 2F
1-2: Ball
2-2: DOUBLE (Line Drive, 78XD, EV 104.4 MPH)
Pinch Hitting: LHB Teodosio Zendejas 0-0: Ball
1-0: Called Strike
1-1: Swinging Strike
1-2: Ball
2-2: DOUBLE (Groundball, 3L, EV 102.5 MPH)
Austin Stephens scores
Batting: RHB Gonçalo Melo 0-0: Called Strike
0-1: Ball
1-1: Ball
2-1: Fly out, F9 (Flyball, 89M, EV 75.6 MPH)
Batting: RHB Martin Taylor 0-0: Called Strike
0-1: Foul Ball, location: 5DF
0-2: Foul Ball, location: 2F
0-2: Ball
1-2: Ball
2-2: Fly out, F8 (Flyball, 8LD, EV 93.8 MPH)
Batting: RHB Dong-Kyoon Shin 0-0: Called Strike
0-1: Swinging Strike
0-2: Strikes out swinging
Top of the 7th over - 1 run, 2 hits, 0 errors, 1 left on base; Baltimore 1 - Montreal 1
BOTTOM OF THE 7TH
Montreal Expos batting - Pitching for Baltimore Orioles : RHP Roger Gutzman
Pitching: RHP Marky England
Now at 2B: Lawrence Carter
Pinch Hitting: LHB Jake Tarver 0-0: Called Strike
0-1: Swinging Strike
0-2: Foul Ball, location: 3F
0-2: Strikes out looking
Batting: LHB Kim Tobias 0-0: Called Strike
0-1: Swinging Strike
0-2: Strikes out swinging
Batting: RHB Aaron Bardales 0-0: Swinging Strike
0-1: Called Strike
0-2: Fly out, F9 (Flyball, 89S, EV 94.4 MPH)
Bottom of the 7th over - 0 runs, 0 hits, 0 errors, 0 left on base; Baltimore 1 - Montreal 1
TOP OF THE 8TH
Baltimore Orioles batting - Pitching for Montreal Expos : RHP Stan Harris
Now in LF: Elwood Sehi
Now in RF: Jake Tarver
Batting: RHB Jitters Childress 0-0: Ball
1-0: Foul Ball, location: 3FF
1-1: Ball
2-1: Foul Ball, location: 7LMF
2-2: Fly out, F9 (Line Drive, 89M, EV 97.5 MPH)
Batting: LHB Enriqueta Marquez 0-0: Ball
1-0: Foul Ball, location: 5DF
1-1: Foul Ball, location: 2F
1-2: Ball
2-2: Ball
3-2: Base on Balls
Batting: SHB Yerold De Los Santos 0-0: Ball
1-0: Foul Ball, location: 7LDF
1-1: Foul Ball, location: 9LMF
1-2: Ball
2-2: Foul Ball, location: 2F
2-2: Foul Ball, location: 5FF
2-2: Ball
3-2: Base on Balls
Enriqueta Marquez to second
Batting: RHB Truman Jackson 0-0: Ball
1-0: Grounds into double play, 6-4-3 (Groundball, 6, EV 104.4 MPH)
Top of the 8th over - 0 runs, 0 hits, 0 errors, 1 left on base; Baltimore 1 - Montreal 1
BOTTOM OF THE 8TH
Montreal Expos batting - Pitching for Baltimore Orioles : RHP Marky England
Pitching: RHP Xavier Basha
Batting: LHB Hugo Texido 0-0: Ball
1-0: Called Strike
1-1: Ground out U3 (Groundball, 3L, EV 105.6 MPH)
Pinch Hitting: RHB J.C. Tejada 0-0: Called Strike
0-1: SINGLE (Groundball, 6S, EV 72.5 MPH) (infield hit)
Pinch Hitting: LHB Curt Skora 0-0: Called Strike
0-1: Foul Ball, location: 3SF
0-2: Ball
1-2: Ball
2-2: Ball
3-2: SINGLE (Groundball, 34D, EV 98.1 MPH)
J.C. Tejada to second
Pinch Runner at 2nd Owen Dyche:
Batting: LHB Samuel Banda 0-0: Called Strike
0-1: Swinging Strike
0-2: Ball
1-2: Foul Ball, location: 2LF
1-2: Foul Ball, location: 9LSF
1-2: Foul Ball, location: 2F
1-2: Ball
2-2: Ball
3-2: Strikes out swinging
Batting: SHB Elwood Sehi 0-0: Ball
1-0: Called Strike
1-1: Ball
2-1: SINGLE (Groundball, 6S, EV 72.5 MPH) (infield hit)
Owen Dyche to third
Curt Skora to second
Batting: RHB Sebastian Reber 0-0: Swinging Strike
0-1: Ball
1-1: Foul Ball, location: 3F
1-2: Ball
2-2: Strikes out swinging
Bottom of the 8th over - 0 runs, 3 hits, 0 errors, 3 left on base; Baltimore 1 - Montreal 1
TOP OF THE 9TH
Baltimore Orioles batting - Pitching for Montreal Expos : RHP Stan Harris
Pitching: RHP Eddie Pendergast
Now at C: Mike Marsh
Now at 2B: Owen Dyche
Batting: SHB Austin Stephens 0-0: Called Strike
0-1: Called Strike
0-2: Foul Ball, location: 3F
0-2: Hit by Pitch
Batting: RHB Lawrence Carter 0-0: Sac Bunt to 13S - play at first, batter OUT! 1-3
Austin Stephens to second
Batting: RHB Gonçalo Melo 0-0: Ball
1-0: Called Strike
1-1: Ground out 6-3 (Groundball, 6, EV 90.6 MPH)
Austin Stephens to third
Batting: RHB Martin Taylor 0-0: Foul Ball, location: 2F
0-1: Ball
1-1: Ball
2-1: Foul Ball, location: 9LSF
2-2: Ball
3-2: Foul Ball, location: 2F
3-2: Foul Ball, location: 7LSF
3-2: Foul Ball, location: 2LF
3-2: Base on Balls
Batting: RHB Dong-Kyoon Shin 0-0: Swinging Strike
0-1: Ball
1-1: Ball
2-1: Foul Ball, location: 7LSF
2-2: Strikes out looking
Top of the 9th over - 0 runs, 0 hits, 0 errors, 2 left on base; Baltimore 1 - Montreal 1
BOTTOM OF THE 9TH
Montreal Expos batting - Pitching for Baltimore Orioles : RHP Xavier Basha
Pitching: RHP Ben Rhodes
Batting: LHB Jake Tarver 0-0: Called Strike
0-1: Called Strike
0-2: Ball
1-2: Foul Ball, location: 7LMF
1-2: Foul Ball, location: 5SF
1-2: Ball
2-2: Ball
3-2: Base on Balls
Batting: LHB Kim Tobias 0-0: Called Strike
0-1: Ball
1-1: Ball
2-1: Swinging Strike
2-2: SINGLE (Line Drive, 34D, EV 102.5 MPH)
Jake Tarver to second
Batting: RHB Aaron Bardales 0-0: Ball
1-0: Ball
2-0: Foul Ball, location: 3F
2-1: Foul Ball, location: 25FF
2-2: Ball
3-2: Grounds into double play, 5-4-3 (Groundball, 56S, EV 81.9 MPH)
Jake Tarver to third
Batting: LHB Hugo Texido 0-0: Ball
1-0: Foul Ball, location: 2RF
1-1: Ball
2-1: Ball
3-1: Called Strike
3-2: Base on Balls
Batting: RHB Owen Dyche 0-0: Foul Ball, location: 2LF
0-1: Ball
1-1: Swinging Strike
1-2: Fielders Choice at 2nd, 5-4 (Groundball, 56, EV 78.8 MPH)
Bottom of the 9th over - 0 runs, 1 hit, 0 errors, 2 left on base; Baltimore 1 - Montreal 1
Saturday, April 13th , 2024 - OOTP Baseball 24.11 Build 85